[Event "Titled Tuesday Blitz July 26 Late 2022"]
[White "Estrada Nieto, Julian"]
[Black "Prieto Aranguren, Alain"]
[WhiteFideId "5101018"]
[BlackFideId "2268906"]
[WhiteElo "2252"]
[BlackElo "2224"]
[Result "0-1"]
[Round "07"]
[TimeControl "180+1"]
[Date "2022.07.27"]
[WhiteClock "0:00:15"]
[BlackClock "0:00:11"]

1. e4 c6 2. d4 d5 3. Nc3 a6 4. h3 Qa5 5. e5 Bf5 6. Bd3 Bxd3 7. Qxd3 e6 8. Nf3 c5 9. dxc5 Bxc5 10. O-O Nc6 11. a3 Qc7 12. Re1 Nge7 13. b4 Ba7 14. b5 Na5 15. bxa6 bxa6 16. Ne2 Nc4 17. Ned4 Ng6 18. a4 O-O 19. h4 Ngxe5 20. Nxe5 Nxe5 21. Qg3 Bxd4 22. Ra3 Qxc2 23. Bf4 Nc4 24. Rc1 Qb2 25. Rd3 Be5 26. Rxc4 Bxf4 27. Rxf4 Rac8 28. Rd1 Rc1 29. Rxc1 Qxc1+ 30. Kh2 Rc8 31. h5 Qc3 32. Rf3 Qd4 33. h6 g6 34. Rb3 Qd2 35. Qh4 d4 36. Re3 dxe3 37. Qf6 Qd6+ 38. g3 Qf8 39. fxe3 Qxh6+ 40. Kg2 Qg7 41. Qg5 Rd8 42. Kf3 Qc3 43. Qxd8+ Kg7 44. Qg5 Qf6+ 45. Qxf6+ Kxf6 46. Ke4 Ke7 47. a5 Kd6 48. g4 f5+ 49. gxf5 exf5+ 50. Kf4 Ke6 51. Kg5 Ke5 52. Kh6 Ke4 53. Kxh7 Kxe3 54. Kxg6 f4 55. Kf6 f3 56. Ke6 f2 57. Kd6 f1=Q 58. Kc6 Qb5+ 59. Kc7 Qxa5+ 0-1


[Site "https://www.chess.com"]

[Event "Titled Tuesday Blitz July 26 Late 2022"]
[White "Federzoni, Enzo"]
[Black "Lewtak, Damian"]
[WhiteFideId "2173301"]
[BlackFideId "1141724"]
[WhiteElo "1949"]
[BlackElo "2359"]
[Result "0-1"]
[Round "07"]
[TimeControl "180+1"]
[Date "2022.07.27"]
[WhiteClock "0:01:26"]
[BlackClock "0:01:03"]

1. e4 g6 2. d4 Bg7 3. Nc3 d6 4. Be3 e5 5. dxe5 dxe5 6. Qxd8+ Kxd8 7. O-O-O+ Bd7 8. Bc4 Nh6 9. h4 Ng4 10. Bxf7 Nxe3 11. fxe3 Ke7 12. Bb3 c6 13. Nf3 Na6 14. h5 Bf6 15. Nh4 Bxh4 16. Rxh4 g5 17. Rhh1 h6 18. Rhf1 Rhf8 19. Bc4 Nc7 20. Rxf8 Rxf8 21. Rf1 Rxf1+ 22. Bxf1 Kf6 23. Kd2 g4 24. Ne2 Kg5 25. Ng3 Kh4 26. Nf5+ Bxf5 27. exf5 Kxh5 28. Kd3 Kg5 29. Ke4 Kf6 30. Bc4 Ne8 31. Be2 Nd6+ 32. Kd3 Kxf5 33. b4 b6 34. c4 c5 35. bxc5 bxc5 36. Kc3 h5 37. g3 Kg5 38. Kd3 Nf5 39. Bd1 Nxg3 40. Kd2 h4 41. Ke1 h3 42. Kf2 h2 0-1


[Site "https://www.chess.com"]

[Event "Titled Tuesday Blitz July 26 Late 2022"]
[White "Fedoseev, Vladimir"]
[Black "Raja Harshit"]
[WhiteFideId "24130737"]
[BlackFideId "5089000"]
[WhiteElo "2726"]
[BlackElo "2338"]
[Result "1-0"]
[Round "07"]
[TimeControl "180+1"]
[Date "2022.07.26"]
[WhiteClock "0:00:34"]
[BlackClock "0:00:12"]

1. d4 Nf6 2. c4 e6 3. Nf3 d5 4. Nc3 Be7 5. Bf4 O-O 6. e3 Nbd7 7. Rc1 c5 8. dxc5 Nxc5 9. Be2 dxc4 10. Bxc4 Bd7 11. O-O Qb6 12. Qe2 Rfd8 13. Ne5 Be8 14. a3 Rac8 15. b4 Nce4 16. Nxe4 Nxe4 17. Bd3 Nc3 18. Qc2 g6 19. Nc4 Qc6 20. Qxc3 b5 21. Bh6 f6 22. Qb3 Rxd3 23. Qxd3 bxc4 24. Qc3 e5 25. f4 e4 26. f5 Rd8 27. Qxc4+ Qxc4 28. Rxc4 g5 29. Rxe4 Kf7 30. h4 Bc6 31. Re6 Bd5 32. Ra6 gxh4 33. Rxa7 Rg8 34. e4 Bxe4 35. Rf2 h3 36. Bf4 Bxg2 37. Kh2 Kf8 38. Bh6+ Kf7 39. Re2 Re8 40. Bf4 Bf3 41. Re3 1-0


[Site "https://www.chess.com"]

[Event "Titled Tuesday Blitz July 26 Late 2022"]
[White "Gallana, Marco"]
[Black "Derraugh, Geordie"]
[WhiteFideId "824542"]
[BlackFideId "2603950"]
[WhiteElo "2290"]
[BlackElo "2116"]
[Result "1-0"]
[Round "07"]
[TimeControl "180+1"]
[Date "2022.07.27"]
[WhiteClock "0:00:09"]
[BlackClock "0:00:02"]

1. d4 Nf6 2. c4 g6 3. Nc3 d5 4. Nf3 Bg7 5. Bg5 Ne4 6. Bf4 Nxc3 7. bxc3 dxc4 8. e3 O-O 9. Bxc4 c5 10. O-O Nc6 11. h3 Bf5 12. Qe2 Na5 13. Bd3 Bxd3 14. Qxd3 Rc8 15. Rfc1 Qd5 16. Rab1 b6 17. c4 Qh5 18. d5 Rfd8 19. e4 Nb7 20. a4 e5 21. Bg5 f6 22. Bd2 f5 23. Ng5 Rd6 24. exf5 Bh6 25. Ne4 gxf5 26. Nxd6 Nxd6 27. Qg3+ Kf7 28. Bxh6 Qxh6 29. Qxe5 Re8 30. Qb2 Re4 31. a5 Nxc4 32. Rxc4 Rxc4 33. axb6 axb6 34. Qa2 Rc1+ 35. Rxc1 Qxc1+ 36. Kh2 Qf4+ 37. Kg1 Qd6 38. Qc4 Kf6 39. f4 Qd7 40. Qc3+ Kg6 41. Qe5 b5 42. d6 c4 43. Qd4 Kf7 44. Kh2 Qe6 45. Qa7+ Ke8 46. Qb8+ Kf7 47. Qxb5 Qxd6 48. Qxc4+ Kg6 49. Qg8+ Kh6 50. Qg5# 1-0


[Site "https://www.chess.com"]

[Event "Titled Tuesday Blitz July 26 Late 2022"]
[White "Garcia-Castany Musellas, Gal.la"]
[Black "Ovchinnikov, Vsevolod"]
[WhiteFideId "2241803"]
[BlackFideId "24176842"]
[WhiteElo "2173"]
[BlackElo "2376"]
[Result "1/2-1/2"]
[Round "07"]
[TimeControl "180+1"]
[Date "2022.07.27"]
[WhiteClock "0:00:05"]
[BlackClock "0:00:09"]

1. d4 Nf6 2. c4 g6 3. Nc3 d5 4. cxd5 Nxd5 5. e4 Nxc3 6. bxc3 Bg7 7. Qa4+ c6 8. Be2 O-O 9. Be3 Nd7 10. Nf3 Nf6 11. Qc2 Bg4 12. O-O Qc7 13. Rac1 Rfd8 14. h3 Bxf3 15. Bxf3 Rac8 16. Qb3 e6 17. Rb1 b6 18. Bg5 h6 19. Be3 Kh7 20. h4 Nd7 21. h5 g5 22. e5 c5 23. Be4+ Kg8 24. f4 cxd4 25. cxd4 gxf4 26. Rxf4 Qc3 27. Bf2 Qxb3 28. Rxb3 f6 29. Rg3 f5 30. Bd3 Rc3 31. Ba6 Rxg3 32. Bxg3 Kf7 33. Bh4 Rf8 34. Rf3 Nb8 35. Bb7 Kg8 36. Rc3 Nd7 37. Rc7 Rf7 38. Rc3 Nf8 39. Ba6 Rd7 40. Bf2 Kf7 41. Rc6 Nh7 42. Bc4 Ng5 43. Be3 Re7 44. a4 Bf8 45. Rc8 Bg7 46. Rc6 Bf8 47. Kf2 Bg7 48. Ke2 Ne4 49. d5 Bxe5 50. dxe6+ Kg7 51. a5 Ng5 52. axb6 axb6 53. Rxb6 Kf6 54. Rc6 f4 55. Bc5 Rxe6 56. Bxe6 Nxe6 57. Bf2 Kf5 58. Ra6 Bf6 59. Rb6 Ng7 60. Rb5+ Kg4 61. Rb6 Nxh5 62. Ra6 Bg5 63. Ra5 Ng7 64. Bd4 Nf5 65. Bh8 Ng3+ 66. Kf2 Ne4+ 67. Kf1 Ng3+ 68. Kg1 Ne4 69. Ra3 Ng3 70. Be5 Nf5 71. Bh8 Ng3 72. Ra6 Ne2+ 73. Kf2 Ng3 74. Bg7 Nf5 75. Bf8 h5 76. Ra4 h4 77. Ra3 Ng3 78. Bd6 Nh1+ 79. Kg1 Ng3 80. Bc7 Ne2+ 81. Kf2 Ng3 82. Ra4 Nh1+ 83. Kg1 Ng3 84. Ra5 Ne2+ 85. Kf2 Ng3 86. Ra4 Nh1+ 87. Kg1 Ng3 88. Kf2 1/2-1/2


[Site "https://www.chess.com"]

[Event "Titled Tuesday Blitz July 26 Late 2022"]
[White "Gonzalez Vega, Alejandro"]
[Black "Shohat, Yotam"]
[WhiteFideId "3510042"]
[BlackFideId "2813955"]
[WhiteElo "2264"]
[BlackElo "2119"]
[Result "0-1"]
[Round "07"]
[TimeControl "180+1"]
[Date "2022.07.27"]
[WhiteClock "0:00:09"]
[BlackClock "0:00:03"]

1. e4 c5 2. Nf3 e6 3. d4 cxd4 4. Nxd4 Nc6 5. Nc3 Qc7 6. Be3 a6 7. a3 Nf6 8. Be2 Be7 9. O-O O-O 10. f4 d6 11. Bd3 Nxd4 12. Bxd4 e5 13. fxe5 dxe5 14. Be3 Ng4 15. Nd5 Nxe3 16. Nxc7 Nxd1 17. Nxa8 Bc5+ 18. Kh1 Nf2+ 19. Rxf2 Bxf2 20. Nc7 Rd8 21. Nd5 Be6 22. c4 Bd4 23. Ra2 Rc8 24. b4 Kf8 25. g3 Bh3 26. Rc2 g6 27. Nf6 Kg7 28. Nd5 f5 29. exf5 gxf5 30. Ne7 Rf8 31. Nd5 f4 32. gxf4 exf4 33. Rc1 Re8 34. Bf1 Bf5 35. Nxf4 Be3 36. Nh5+ Kh6 37. Nf6 Rf8 38. Re1 Bf2 39. Re2 Rxf6 40. Rxf2 Be4+ 41. Bg2 Rxf2 42. Bxe4 b6 43. a4 Rb2 44. c5 bxc5 45. bxc5 Rb4 46. Bc6 Rc4 47. Bb7 Rxc5 48. Bxa6 Kg5 49. Bb5 Kf4 50. Kg2 Rc2+ 51. Kg1 Ra2 52. Kf1 h5 53. Kg1 h4 54. Bc6 Ke3 55. h3 Kf4 56. Bd7 Kg3 57. Kf1 Kh2 58. Ke1 Ra3 59. Kd1 Rxh3 60. Ke2 Ra3 61. Kf2 h3 62. Bc6 Ra2+ 63. Kf1 Kg3 64. a5 Rxa5 65. Ke2 h2 66. Kd3 Ra1 67. Ke4 h1=Q+ 68. Ke5 Qxc6 0-1


[Site "https://www.chess.com"]

[Event "Titled Tuesday Blitz July 26 Late 2022"]
[White "Gracia Alvarez, Gerardo Antonio"]
[Black "Djordjevic, Vuk"]
[WhiteFideId "5109124"]
[BlackFideId "902098"]
[WhiteElo "2139"]
[BlackElo "2456"]
[Result "0-1"]
[Round "07"]
[TimeControl "180+1"]
[Date "2022.07.27"]
[WhiteClock "0:00:02"]
[BlackClock "0:01:05"]

1. e4 e6 2. d4 d5 3. e5 c5 4. c3 Nc6 5. Nf3 Qb6 6. Bd3 cxd4 7. O-O Bd7 8. Re1 Nge7 9. cxd4 Nb4 10. Bf1 Bb5 11. Bxb5+ Qxb5 12. a3 Nd3 13. Qe2 Qa6 14. Rd1 Nc5 15. Qxa6 Nxa6 16. Nc3 Nc6 17. Nb5 Kd7 18. Bf4 h6 19. h4 Be7 20. Rac1 Rhc8 21. h5 Na5 22. Nd2 Nc7 23. Nxc7 Rxc7 24. Rxc7+ Kxc7 25. Rc1+ Kd7 26. b4 Nc6 27. Be3 a5 28. b5 Na7 29. a4 Nc8 30. Nb3 Nb6 31. Kf1 Nxa4 32. Ra1 Nc3 33. Rxa5 Rxa5 34. Nxa5 b6 35. Nc6 Nxb5 36. Nxe7 Kxe7 37. Ke2 Na3 38. Bd2 Nb5 39. Kd3 f6 40. f4 f5 41. Bb4+ Kf7 42. Bd2 g6 43. hxg6+ Kxg6 44. Be3 Kh5 45. Kc2 Kg4 46. Kb3 Kg3 47. Kb4 Nc7 48. Bc1 h5 49. Ba3 Kxg2 0-1


[Site "https://www.chess.com"]

[Event "Titled Tuesday Blitz July 26 Late 2022"]
[White "Grischuk, Alexander"]
[Black "Kamsky, Gata"]
[WhiteFideId "4126025"]
[BlackFideId "2000024"]
[WhiteElo "2762"]
[BlackElo "2645"]
[Result "1/2-1/2"]
[Round "07"]
[TimeControl "180+1"]
[Date "2022.07.26"]
[WhiteClock "0:00:23"]
[BlackClock "0:01:09"]

1. e4 c5 2. Nf3 e6 3. d4 cxd4 4. Nxd4 a6 5. c4 Nf6 6. Nc3 Qc7 7. a3 Nc6 8. Be2 Nxd4 9. Qxd4 Bc5 10. Qd3 d6 11. O-O Bd7 12. b4 Ba7 13. Bf4 e5 14. Bg5 Be6 15. Bxf6 gxf6 16. Rac1 Bd4 17. Nd5 Bxd5 18. exd5 Qd7 19. Kh1 O-O-O 20. f4 Kb8 21. fxe5 fxe5 22. Qe4 h5 23. Rf5 h4 24. h3 Qa4 25. c5 Qxa3 26. Rb1 Qe3 27. Qxe3 Bxe3 28. Rxf7 Rhf8 29. Rh7 Rh8 30. Rf7 Rhf8 31. Rh7 Rh8 32. Rf7 1/2-1/2


[Site "https://www.chess.com"]

[Event "Titled Tuesday Blitz July 26 Late 2022"]
[White "Gulecyuz, Deniz"]
[Black "Bogaudinov, Rushan"]
[WhiteFideId "30921341"]
[BlackFideId "4129288"]
[WhiteElo "1923"]
[BlackElo "2010"]
[Result "1/2-1/2"]
[Round "07"]
[TimeControl "180+1"]
[Date "2022.07.27"]
[WhiteClock "0:00:20"]
[BlackClock "0:00:12"]

1. e4 d6 2. d4 a6 3. c4 e6 4. Nc3 Nf6 5. Bd3 Be7 6. Be3 e5 7. d5 Ng4 8. Bd2 O-O 9. h3 Nf6 10. Nf3 Ne8 11. b4 f5 12. exf5 Bxf5 13. Bxf5 Rxf5 14. Qc2 Rf8 15. O-O Nd7 16. Rfd1 a5 17. a3 Nb6 18. Nb5 c6 19. dxc6 bxc6 20. c5 cxb5 21. cxb6 Qxb6 22. Be3 Qb7 23. bxa5 Rxa5 24. Ng5 Bxg5 25. Bxg5 h6 26. Be3 Ra4 27. Qb3+ Kh7 28. Rac1 Qa6 29. Qe6 Rxa3 30. Rc8 Qa4 31. Rdc1 b4 32. Bxh6 Rf6 33. Qe7 Kxh6 34. Rxe8 Ra1 35. Rh8+ Kg6 36. Rxa1 Qxa1+ 37. Kh2 Qa4 38. Rg8 Rf7 39. Qe6+ Rf6 40. Qe7 Rf7 41. Qxd6+ Kh7 42. Qb8 b3 43. Rh8+ Kg6 44. Qxe5 Qf4+ 45. Qxf4 Rxf4 46. Rb8 Rxf2 47. Rxb3 Rf6 48. Rb5 Kh7 49. Kg3 Rg6+ 50. Kf3 Rf6+ 51. Kg4 Rg6+ 52. Rg5 Rb6 53. g3 Rb4+ 54. Kh5 Rb3 55. h4 Rb4 56. Rc5 Ra4 57. g4 Ra7 58. Kg5 Rd7 59. h5 Ra7 60. Kh4 1/2-1/2


[Site "https://www.chess.com"]

[Event "Titled Tuesday Blitz July 26 Late 2022"]
[White "Hjartarson, Johann"]
[Black "Goncalves, Davi Sulzbacher"]
[WhiteFideId "2300044"]
[BlackFideId "2154510"]
[WhiteElo "2458"]
[BlackElo "2107"]
[Result "1-0"]
[Round "07"]
[TimeControl "180+1"]
[Date "2022.07.27"]
[WhiteClock "0:00:16"]
[BlackClock "0:00:02"]

1. Nf3 Nf6 2. g3 e6 3. Bg2 Be7 4. O-O O-O 5. c4 b6 6. b3 Bb7 7. Bb2 c5 8. Nc3 d6 9. d4 cxd4 10. Qxd4 Nbd7 11. e4 Qb8 12. Rad1 a6 13. Rfe1 Rc8 14. h3 b5 15. Nd2 Bd8 16. cxb5 Bb6 17. Qd3 Ne5 18. Qb1 Qa7 19. Re2 axb5 20. Nxb5 Qxa2 21. Nxd6 Qa6 22. Nxc8 Qxe2 23. Nxb6 Rd8 24. Bxe5 Nxe4 25. Bxe4 Bxe4 26. Re1 Qxd2 27. Qxe4 h5 28. Nc4 Qb4 29. Qe3 Rd5 30. Ra1 Qb7 31. Qf3 f6 32. Qxh5 fxe5 33. Nxe5 Rb5 34. Re1 Qd5 35. Qe8+ Kh7 36. Qg6+ Kh8 37. Nf7+ Kg8 38. Rxe6 Rb8 39. Ng5 Qd1+ 40. Kh2 Qf3 41. Qh7+ 1-0


[Site "https://www.chess.com"]

[Event "Titled Tuesday Blitz July 26 Late 2022"]
[White "Hoffmann, Asa"]
[Black "Krstulovic, Alex"]
[WhiteFideId "2001470"]
[BlackFideId "760056"]
[WhiteElo "2117"]
[BlackElo "2244"]
[Result "0-1"]
[Round "07"]
[TimeControl "180+1"]
[Date "2022.07.27"]
[WhiteClock "0:00:06"]
[BlackClock "0:00:08"]

1. d4 Nf6 2. Bg5 d5 3. Nd2 c5 4. e3 Nc6 5. c3 cxd4 6. exd4 Bf5 7. Ngf3 e6 8. Nh4 Bg6 9. Nxg6 hxg6 10. h3 Bd6 11. Qb3 Qc7 12. Bd3 O-O-O 13. Be3 e5 14. Bb5 exd4 15. cxd4 Bf4 16. Bxc6 bxc6 17. Rc1 Bxe3 18. fxe3 Rde8 19. Kd1 Re6 20. Qa4 Rhe8 21. Rf1 Kb8 22. Nb3 Ne4 23. Nc5 Nxc5 24. Rxc5 f5 25. Rf3 Kb7 26. b4 Rxe3 27. Rxe3 Rxe3 28. b5 Qf4 29. bxc6+ Ka8 30. Qb5 Qxd4+ 31. Kc2 Qe4+ 32. Kb2 Qe5+ 33. Kc2 Re2+ 34. Kd1 Re1+ 35. Kc2 Qe4+ 36. Qd3 Rc1+ 37. Kxc1 Qxd3 38. c7 Qe3+ 39. Kd1 Qxc5 40. Ke2 Qxc7 41. Kf3 Qd6 42. g4 Kb7 43. gxf5 d4 44. Ke2 gxf5 45. Kd3 f4 46. h4 f3 47. h5 f2 48. Ke2 d3+ 49. Kxf2 d2 50. Kf3 d1=Q+ 51. Ke4 Qe2+ 52. Kf5 Qf6# 0-1


[Site "https://www.chess.com"]

[Event "Titled Tuesday Blitz July 26 Late 2022"]
[White "Holt, Conrad"]
[Black "Jin, Ashton"]
[WhiteFideId "2034387"]
[BlackFideId "30931908"]
[WhiteElo "2586"]
[BlackElo "2517"]
[Result "1-0"]
[Round "07"]
[TimeControl "180+1"]
[Date "2022.07.26"]
[WhiteClock "0:00:06"]
[BlackClock "0:00:06"]

1. d4 Nf6 2. c4 g6 3. Nc3 d5 4. e3 Bg7 5. Qb3 c5 6. cxd5 cxd4 7. exd4 O-O 8. Be2 Nbd7 9. Bf3 Nb6 10. Nge2 Bg4 11. Bxg4 Nxg4 12. O-O Qd7 13. Bg5 h6 14. Bh4 g5 15. Bg3 Nf6 16. Be5 Nfxd5 17. Bxg7 Kxg7 18. f4 g4 19. f5 Kh8 20. Ne4 Rg8 21. Nc5 Qc7 22. a4 a5 23. Rac1 Rac8 24. Ne4 Qd7 25. Rc5 Rxc5 26. Nxc5 Qc7 27. Ng3 Rd8 28. Nge4 Kg7 29. h3 Nf6 30. Qe3 Nc4 31. Qc3 Nd6 32. Nxf6 exf6 33. Ne6+ 1-0


[Site "https://www.chess.com"]

[Event "Titled Tuesday Blitz July 26 Late 2022"]
[White "Howell, David W L"]
[Black "Riff, Vincent"]
[WhiteFideId "410608"]
[BlackFideId "617776"]
[WhiteElo "2559"]
[BlackElo "2369"]
[Result "1-0"]
[Round "07"]
[TimeControl "180+1"]
[Date "2022.07.26"]
[WhiteClock "0:00:17"]
[BlackClock "0:00:01"]

1. e4 c5 2. Nf3 Nc6 3. Nc3 Nf6 4. Bb5 Qc7 5. O-O a6 6. Bxc6 dxc6 7. Re1 e5 8. d3 Be7 9. a4 a5 10. Nd2 Nd7 11. Nc4 b6 12. Qg4 O-O 13. Bh6 Bf6 14. Qg3 Re8 15. b3 Nf8 16. Bd2 Ng6 17. Ne2 Be6 18. Rab1 Rad8 19. Bc3 h6 20. h3 Rd7 21. Rf1 Qd8 22. Kh1 Bxc4 23. bxc4 Bg5 24. Qg4 Re6 25. g3 Be7 26. f4 exf4 27. gxf4 Bf6 28. f5 Ne5 29. Qg3 Re8 30. Nf4 Kh8 31. Nh5 Rd6 32. Rg1 Qe7 33. Rxb6 Qd8 34. Rb7 Kh7 35. Rxf7 Nxf7 36. Nxf6+ Qxf6 37. Bxf6 1-0


[Site "https://www.chess.com"]

[Event "Titled Tuesday Blitz July 26 Late 2022"]
[White "Ismagilov, Damir"]
[Black "Nakamura, Hikaru"]
[WhiteFideId "34199982"]
[BlackFideId "2016192"]
[WhiteElo "2138"]
[BlackElo "2850"]
[Result "0-1"]
[Round "07"]
[TimeControl "180+1"]
[Date "2022.07.26"]
[WhiteClock "0:00:05"]
[BlackClock "0:02:24"]

1. d4 f5 2. c4 Nf6 3. Nc3 d6 4. Nf3 g6 5. e3 Bg7 6. b4 O-O 7. Bb2 Qe8 8. Be2 e5 9. dxe5 dxe5 10. Nb5 Qe7 11. Bxe5 Qxb4+ 12. Bc3 Qe7 13. O-O a6 14. Nbd4 Ne4 15. Qb3 c5 16. Bb4 cxb4 17. Rfd1 Kh8 18. h3 a5 19. Rac1 Nd7 20. Nb5 Ndc5 21. Nfd4 Nxb3 22. Nxb3 Bd7 23. N5d4 Nc3 24. Bf3 Nxd1 25. Rxd1 a4 26. Nb5 axb3 27. axb3 Bxb5 28. h4 Ra1 29. h5 Rxd1+ 30. Kh2 Qd6+ 31. g3 Bc6 32. hxg6 Bxf3 33. gxh7 Rh1# 0-1


[Site "https://www.chess.com"]

[Event "Titled Tuesday Blitz July 26 Late 2022"]
[White "Jacobson, Brandon"]
[Black "Meshkovs, Nikita"]
[WhiteFideId "30901561"]
[BlackFideId "11602740"]
[WhiteElo "2362"]
[BlackElo "2506"]
[Result "1-0"]
[Round "07"]
[TimeControl "180+1"]
[Date "2022.07.26"]
[WhiteClock "0:00:07"]
[BlackClock "0:00:06"]

1. Nf3 d5 2. e3 Nf6 3. c4 e6 4. Nc3 a6 5. b3 c5 6. cxd5 exd5 7. d4 Nc6 8. Bb2 Bd6 9. dxc5 Bxc5 10. Be2 O-O 11. O-O Re8 12. Rc1 Qd6 13. Na4 Ba7 14. Bxf6 gxf6 15. Nd4 Nxd4 16. exd4 Bf5 17. Nc5 Re7 18. Bf3 Rae8 19. b4 Bb8 20. g3 Bh3 21. Bg2 Bf5 22. Qb3 Be4 23. Rfe1 Kg7 24. Re3 f5 25. Rce1 f4 26. Nxe4 dxe4 27. Rxe4 Rxe4 28. Rxe4 Rxe4 29. Bxe4 Qxd4 30. Bxb7 Ba7 31. Qc2 Qxb4 32. Bxa6 fxg3 33. hxg3 Qa3 34. Bd3 Qd6 35. Kg2 h5 36. Qe2 Qd5+ 37. Be4 Qe5 38. Qf3 Qd4 39. Bd5 Qf6 40. Qe2 Qf5 41. Bf3 Kh6 42. Qa6+ Kh7 43. Qxa7 h4 44. Qd4 h3+ 45. Kh2 Qxf3 46. Kxh3 Qh1+ 47. Kg4 Qb1 48. a4 Kg8 49. Qd8+ Kg7 50. Qd4+ Kg8 51. Qf4 Qd1+ 52. Kg5 Kg7 53. Qf6+ Kg8 54. Qf5 Qxa4 55. Qc8+ Kg7 56. Qc3+ Kg8 57. Qe5 Qc4 58. Qf4 Qd5+ 59. Kh4 Qd8+ 60. Qg5+ Qxg5+ 61. Kxg5 Kg7 62. Kf5 Kg8 63. Kf6 Kf8 64. g4 Kg8 65. g5 Kf8 66. f3 Kg8 67. f4 Kf8 68. f5 Kg8 69. Ke7 Kg7 70. Ke8 Kg8 71. f6 Kh7 72. Kxf7 Kh8 73. Ke7 Kh7 74. f7 Kg6 75. f8=Q Kh7 76. Qf6 Kg8 77. Qg6+ Kh8 78. Qh5+ Kg8 79. g6 Kg7 80. Qh7# 1-0


[Site "https://www.chess.com"]

[Event "Titled Tuesday Blitz July 26 Late 2022"]
[White "Janaszak, Dawid"]
[Black "Sivakumar, Shaashwath"]
[WhiteFideId "1119206"]
[BlackFideId "30912156"]
[WhiteElo "2199"]
[BlackElo "1823"]
[Result "0-1"]
[Round "07"]
[TimeControl "180+1"]
[Date "2022.07.27"]
[WhiteClock "0:00:06"]
[BlackClock "0:00:04"]

1. e4 c5 2. b3 g6 3. Bb2 Nf6 4. Nc3 d6 5. d4 cxd4 6. Qxd4 Bg7 7. O-O-O Nc6 8. Qd2 Be6 9. Nge2 Rc8 10. Nf4 Bd7 11. f3 Bh6 12. Kb1 e5 13. g3 exf4 14. gxf4 Bg7 15. Qxd6 Qe7 16. Qd2 O-O 17. e5 Nxe5 18. fxe5 Qxe5 19. Na4 Qe7 20. Re1 Be6 21. Bh3 Rfd8 22. Qe2 Rc6 23. Rd1 Nd5 24. c4 Bf5+ 25. Bxf5 Qxe2 26. cxd5 Rcd6 27. Bd3 Qe3 28. Rhe1 Qxf3 29. Be4 Qh5 30. Ba3 Qe5 31. Bb2 Qxh2 32. Nc3 Qg3 33. Rg1 Qf4 34. Rgf1 Qe3 35. Rf3 Qc5 36. Na4 Qc7 37. Ba3 R6d7 38. d6 Qa5 39. Bd5 b5 40. Rdf1 bxa4 41. Bxf7+ Kh8 42. b4 Qe5 43. Bc4 Qa1+ 44. Kc2 Qd4 45. Rf4 Qe3 46. R1f3 Qe5 47. b5 Rxd6 48. Bb4 Rd1 49. Bc3 Qd6 50. Rf7 Rd2+ 51. Kc1 Rd1+ 52. Kc2 Rd2+ 53. Kc1 Qa3+ 54. Kb1 Rd1+ 55. Kc2 Qc1# 0-1


[Site "https://www.chess.com"]

[Event "Titled Tuesday Blitz July 26 Late 2022"]
[White "Jian, Alex"]
[Black "Ardila, Oscar Humberto"]
[WhiteFideId "30901022"]
[BlackFideId "4404742"]
[WhiteElo "2095"]
[BlackElo "1956"]
[Result "1-0"]
[Round "07"]
[TimeControl "180+1"]
[Date "2022.07.27"]
[WhiteClock "0:00:01"]
[BlackClock "0:00:05"]

1. f3 Nf6 2. Kf2 c5 3. Kg3 Nc6 4. e3 d5 5. Ne2 e5 6. d3 Bd6 7. Kf2 O-O 8. g3 Re8 9. Bg2 Bd7 10. Rf1 Qc7 11. Kg1 Rad8 12. Nbc3 a6 13. e4 d4 14. Nb1 b5 15. f4 c4 16. a3 Rc8 17. Nd2 Ne7 18. Nf3 Ng6 19. f5 Ne7 20. Ne1 h6 21. h3 a5 22. g4 Kf8 23. Ng3 Neg8 24. h4 b4 25. axb4 Bxb4 26. g5 Nh7 27. Rf2 Bxe1 28. Qxe1 cxd3 29. cxd3 Bb5 30. Bf1 a4 31. Bd2 hxg5 32. hxg5 Ne7 33. f6 Ng6 34. Nf5 gxf6 35. gxf6 Nxf6 36. Bb4+ Kg8 37. Nd6 Kg7 38. Nxb5 Qd7 39. Nd6 Nf4 40. Nf5+ Kg6 41. Rg2+ Ng4 42. Rxg4+ Kf6 43. Qh4+ Ke6 44. Rxf4 Rg8+ 45. Kf2 exf4 46. Bh3 Qb5 47. Nxd4+ Ke5 48. Nxb5 Rc2+ 49. Kf1 f3 50. Qe7+ Kf4 51. Qf6+ Ke3 52. Qh6+ Kxd3 53. Bg2 fxg2+ 54. Kg1 Rxb2 55. Qd6+ Kc2 56. Qc5+ Kb3 57. Qd5+ Kc2 58. Qc4# 1-0


[Site "https://www.chess.com"]

[Event "Titled Tuesday Blitz July 26 Late 2022"]
[White "Kalavannan, Koby"]
[Black "Blanco Ronquillo, Humberto L."]
[WhiteFideId "425753"]
[BlackFideId "3504239"]
[WhiteElo "1927"]
[BlackElo "2423"]
[Result "0-1"]
[Round "07"]
[TimeControl "180+1"]
[Date "2022.07.27"]
[WhiteClock "0:00:07"]
[BlackClock "0:00:09"]

1. d4 d5 2. Nf3 e6 3. c4 a6 4. cxd5 exd5 5. Nc3 h6 6. Bf4 Nf6 7. Rc1 Bd6 8. Ne5 O-O 9. e3 Re8 10. Bd3 c5 11. O-O c4 12. Bb1 b5 13. Qf3 Bb7 14. a4 b4 15. Ne2 Bxe5 16. Bxe5 Nbd7 17. Bd6 Qb6 18. Bf4 Ne4 19. Rfd1 a5 20. Ng3 Nxg3 21. Qxg3 Qe6 22. h4 Bc6 23. b3 cxb3 24. Bf5 Qxf5 25. Rxc6 Re6 26. Rxe6 Qxe6 27. Rb1 Nb6 28. Be5 f6 29. Bf4 Kh7 30. h5 Qf5 31. Rxb3 Nxa4 32. e4 Qxe4 33. Re3 Qb1+ 34. Kh2 Qf5 35. Qh4 Nc3 36. Rf3 Ne4 37. Bxh6 Qe6 38. Bc1 a4 39. h6 g5 40. Qh5 Rg8 41. Re3 Rg6 42. Kg1 Rxh6 43. Qd1 Qf5 44. Qxa4 Qxf2# 0-1


[Site "https://www.chess.com"]

[Event "Titled Tuesday Blitz July 26 Late 2022"]
[White "Karas, Marek"]
[Black "Rastbod, Ali"]
[WhiteFideId "14928558"]
[BlackFideId "12567477"]
[WhiteElo "2250"]
[BlackElo "2135"]
[Result "1/2-1/2"]
[Round "07"]
[TimeControl "180+1"]
[Date "2022.07.26"]
[WhiteClock "0:00:20"]
[BlackClock "0:01:07"]

1. d4 f5 2. Qd3 d5 3. Bf4 Nf6 4. e3 e6 5. c4 Bd6 6. Bxd6 cxd6 7. Nc3 dxc4 8. Qxc4 O-O 9. Nf3 a6 10. Be2 b5 11. Qd3 Bb7 12. O-O Ne4 13. a3 Nd7 14. Nd2 Nxd2 15. Qxd2 Nb6 16. Qd1 Rc8 17. Bf3 Bxf3 18. Qxf3 d5 19. Rfc1 Nc4 20. Qe2 Qb6 21. Nd1 a5 22. f4 a4 23. Nf2 Na5 24. Rxc8 Rxc8 25. Nd3 Nb3 26. Rf1 Qc6 27. Ne5 Qb7 28. h3 Na5 29. g4 g6 30. g5 Nc4 31. Rc1 Nxe5 32. Rxc8+ Qxc8 33. dxe5 Qc5 34. Qd2 h6 35. h4 hxg5 36. hxg5 Kf7 37. Kf2 Ke8 38. Qd4 Qc6 39. Qb4 Kd7 40. Ke1 Kc7 41. Qe7+ Kb6 42. Qd8+ Ka6 43. Kd2 b4 44. axb4 Kb5 45. Qd6 Qxd6 46. exd6 Kc6 47. Kc3 Kxd6 48. Kd4 Kc6 49. Kd3 Kb6 50. Kd4 Kb5 51. Kc3 Kb6 52. Kd4 Kc6 53. Kd3 Kb6 54. Kd4 1/2-1/2


[Site "https://www.chess.com"]

[Event "Titled Tuesday Blitz July 26 Late 2022"]
[White "Keller, Peter"]
[Black "Katz, Alexander"]
[WhiteFideId "1272105"]
[BlackFideId "2039796"]
[WhiteElo "2275"]
[BlackElo "2386"]
[Result "1/2-1/2"]
[Round "07"]
[TimeControl "180+1"]
[Date "2022.07.27"]
[WhiteClock "0:00:14"]
[BlackClock "0:00:15"]

1. e4 e6 2. d4 d5 3. Nc3 Nf6 4. e5 Nfd7 5. f4 c5 6. Nf3 Nc6 7. Be3 a6 8. Qd2 Qb6 9. Na4 Qb4 10. Qxb4 Nxb4 11. Kd2 c4 12. b3 b5 13. Nb2 a5 14. c3 Nc6 15. a4 bxa4 16. bxc4 a3 17. Na4 dxc4 18. Bxc4 Bb7 19. Rhb1 Nd8 20. Bb5 Rb8 21. Nb6 Bc6 22. Nxd7 Rxb5 23. Rxb5 Bxb5 24. Nb6 Bc6 25. Nc4 Nb7 26. Nxa3 Be7 27. c4 Bb4+ 28. Kd3 Ke7 29. Nc2 Rd8 30. Nxb4 axb4 31. Kc2 Rb8 32. Kb3 Nd8 33. Ra7+ Ke8 34. Bd2 Bxf3 35. gxf3 Nc6 36. Rc7 Nxd4+ 37. Kb2 Nxf3 38. Be3 Ne1 39. Bc5 Nd3+ 40. Kb3 Nxc5+ 41. Rxc5 Rd8 42. Kxb4 Rd2 43. Rc8+ Kd7 44. Ra8 Rb2+ 45. Kc5 Rb7 46. h4 h5 47. Rg8 g6 48. Rf8 Ke7 49. Ra8 Kd7 50. Rf8 Rc7+ 51. Kb5 Rb7+ 52. Kc5 1/2-1/2


[Site "https://www.chess.com"]